 Dungeon Crawl Stone Soup version 0.29.0-13-gc9e81de378 (webtiles) character file.

Game seed: 17415158444436955216

28652 nickcage the Fencer (level 13, -22/97 HPs)
             Began as a Minotaur Gladiator on Sept 7, 2022.
             Was a High Priest of Hepliaklqana.
             Annihilated by a very large slime creature (46 damage)
             ... on level 13 of the Dungeon.
             The game lasted 00:29:54 (13141 turns).

nickcage the Fencer (Minotaur Gladiator)           Turns: 13141, Time: 00:29:54

Health: -22/97     AC: 20    Str: 37    XL:     13   Next: 10%
Magic:  12/12      EV: 14    Int:  5    God:    Hepliaklqana [*****.]
Gold:   737        SH:  5    Dex: 14    Spells: 12/12 levels left

rFire   . . .      SeeInvis .   C - +9 triple sword "Lafoma" {spect, *Slow Str+5}
rCold   . . .      Faith    .   (shield currently unavailable)
rNeg    . . .      Spirit   .   m - +0 plate armour
rPois   .          Reflect  +   c - +1 hat
rElec   .          Harm     .   R - +0 cloak
rCorr   .          Rampage  .   v - +1 pair of gloves
Will    .....                   M - +1 pair of boots of the Trombone {Str+4}
Stlth   ..........              u - amulet of reflection
HPRegen 0.26/turn               l - +6 ring of strength
MPRegen 0.13/turn               y - +4 ring of evasion

@: studying Shields
A: reduced essence, horns 2, retaliatory headbutt
a: Renounce Religion, Recall Ancestor, Ancestor Identity, Transference, Idealise


You were on level 13 of the Dungeon.
You worshipped Hepliaklqana.
Hepliaklqana was extremely pleased with you.
You visited 2 branches of the dungeon, and saw 14 of its levels.
You also visited: Bailey.

You collected 737 gold pieces.

Inventory:

Hand Weapons
 a - a +0 flail
 n - a +4 battleaxe of flaming
 C - the +9 triple sword "Lafoma" (weapon) {spect, *Slow Str+5}
   (You found it in a bailey)

   When its wielder attacks, the weapon's spirit leaps out and strikes again.
   The spirit shares a part of any damage it takes with its wielder.
   Str:       It affects your strength (+5).
   *Slow:     It may slow you when you take damage.
 E - the +7 Singing Sword {vorpal, sonic wave}
   (You found it on level 5 of the Dungeon)

   It inflicts extra damage upon your enemies.
   It radiates damaging sonic waves as it strikes, especially in combat
   involving dangerous or numerous foes.
Missiles
 d - 4 throwing nets
 e - a javelin
 i - 14 boomerangs (quivered)
 N - 2 silver javelins
Armour
 b - a +0 leather armour
 c - a +1 hat (worn)
 j - a +0 ring mail
 m - a +0 plate armour (worn)
 t - a +0 buckler
 v - a +1 pair of gloves (worn)
 w - a +0 pair of boots
 G - the +2 ring mail "Qupid" {rElec}
   (You found it on level 6 of the Dungeon)

   rElec:     It insulates you from electricity.
 M - the +1 pair of boots of the Trombone (worn) {Str+4}
   (You found it on level 11 of the Dungeon)

   Str:       It affects your strength (+4).
 R - a +0 cloak (worn)
Jewellery
 l - a +6 ring of strength (left hand)
 u - an amulet of reflection (around neck)
 y - a +4 ring of evasion (right hand)
 A - a ring of positive energy
 D - an amulet of magic regeneration
 H - an amulet of faith
 K - a +6 ring of strength
Wands
 r - a wand of polymorph (9)
 s - a wand of digging (3)
 z - a wand of light (9)
 F - a wand of charming (4)
Scrolls
 g - 3 scrolls of teleportation
 o - 4 scrolls of noise
 I - 3 scrolls of butterflies
 J - 8 scrolls of identify
 L - a scroll of enchant armour
 Q - a scroll of enchant weapon
Potions
 f - 2 potions of brilliance
 h - 5 potions of might
 k - 2 potions of heal wounds
 p - 3 potions of curing
 q - a potion of lignification {unknown}
 x - 3 potions of degeneration
 B - 3 potions of flight
 O - 3 potions of magic {unknown}
 P - a potion of attraction {unknown}


   Skills:
 + Level 8.7 Fighting
 * Level 20.3 Long Blades
 - Level 5.0(7.4) Axes
 - Level 8.5(9.1) Maces & Flails
 - Level 2.0 Throwing
 + Level 8.2 Armour
 - Level 3.2 Dodging
 - Level 5.4 Shields


You had 12 spell levels left.
You didn't know any spells.
Your spell library contained the following spells:

 Spells                   Type           Power      Damage    Failure   Level
 Apportation              Tloc           0%         N/A       96%         1
 Magic Dart               Conj           0%         1d3       96%         1
 Necrotise                Necr           0%         1d4       96%         1
 Sting                    Tmut/Pois      0%         1d3       96%         1
 Summon Small Mammal      Summ           0%         N/A       96%         1
 Poisonous Vapours        Pois/Air       0%         N/A       99%         2
 Searing Ray              Conj           0%         2d4       99%         2
 Call Canine Familiar     Summ           0%         N/A       100%        3
 Dazzling Flash           Conj/Hex       0%         N/A       100%        3
 Portal Projectile        Hex/Tloc       0%         N/A       100%        3
 Summon Guardian Golem    Hex/Summ       0%         N/A       100%        3
 Tukima's Dance           Hex            0%         N/A       100%        3
 Vampiric Draining        Necr           0%         2d6       100%        3
 Corpse Rot               Necr/Pois/Air  0%         N/A       100%        4
 Fulminant Prism          Conj/Hex       0%         3d6       100%        4
 Iskenderun's Mystic Bla  Conj/Tloc      0%         2d3       100%        4
 Leda's Liquefaction      Hex/Erth       0%         N/A       100%        4
 Olgreb's Toxic Radiance  Pois           0%         N/A       100%        4
 Passage of Golubria      Tloc           0%         N/A       100%        4
 Agony                    Necr           0%         N/A       100%        5
 Alistair's Intoxication  Tmut/Pois      0%         N/A       100%        5
 Borgnjor's Vile Clutch   Necr/Erth      0%         N/A       100%        5
 Fireball                 Conj/Fire      0%         3d3       100%        5
 Yara's Violent Unravell  Hex/Tmut       0%         3d3       100%        5
 Eringya's Noxious Bog    Tmut/Pois      0%         N/A       100%        6
 Starburst                Conj/Fire      0%         6d3       100%        6
 Ignition                 Fire           0%         3d3       100%        8


Dungeon Overview and Level Annotations

Branches:
Dungeon (13/15)            Temple (1/1) D:4            Lair (0/5) D:11
    Orc (0/2) D:10         Bailey (visited)
 Vaults: D:13-14

Altars:
Ashenzari
Cheibriados
Dithmenos
Elyvilon
Fedhas
Gozag
Hepliaklqana
Kikubaaqudgha
Makhleb
Nemelex Xobeh
Okawaru
Qazlal
Ru
Sif Muna
Trog
Uskayaw
Vehumet
Wu Jian
Xom
Yredelemnul
Zin
The Shining One

Annotations:
D:3 1 runed translucent door, trckry's ghost, amateur GrGl


Innate Abilities, Weirdness & Mutations

Your life essence is reduced to manifest your ancestor. (-10% HP)
You have a pair of horns on your head.
You reflexively headbutt those who attack you in melee.


Message History

The slime creature quivers.
A slime creature comes into view.
The slime creature moves out of view.
The slime creature hits you but does no damage.
You slash the slime creature! You headbutt the slime creature.
The slime creature is lightly wounded.
Your +9 triple sword "Lafoma" {spect, *Slow Str+5} hits the slime creature!!!
The slime creature hits your +9 triple sword "Lafoma" {spect, *Slow Str+5}!
Your spectral weapon shares its damage with you!
You barely miss the slime creature. You headbutt the slime creature!
The slime creature is almost dead.
Your +9 triple sword "Lafoma" {spect, *Slow Str+5} hits the slime creature!!!
You kill the slime creature! 2 slime creatures come into view.
The slime creature quivers. x2
The slime creature hits you but does no damage.
You slice the slime creature!! You headbutt the slime creature.
The slime creature is heavily wounded.
Two slime creatures merge to form a large slime creature.
You slash the large slime creature!
Your headbutt misses the large slime creature.
The large slime creature is moderately wounded.
Cannon gestures at the large slime creature while chanting.
The stone arrow hits the large slime creature!
You slice the large slime creature!!
The large slime creature is severely wounded.
The large slime creature hits you!!
You slash the large slime creature!
The large slime creature is severely wounded.
Two slime creatures merge to form a very large slime creature.
You slash the very large slime creature!
The very large slime creature is severely wounded.
The very large slime creature hits you!!!
* * * LOW HITPOINT WARNING * * *
You are too injured to fight recklessly!
You are too injured to fight recklessly!
You are too injured to fight recklessly!
The very large slime creature attacks as you move away!
The very large slime creature hits you!!!
You die...

#. #.# #.# #.# #
####.####### #.##
###..........#### .....
................##......
###[..^......##R@J......
#..........#####......
#..........# .....
#..........# ####
######.##### #..# ##.#
.# .#


You could see the friendly Cannon the battlemage and a very large slime creature
(ally target).

Vanquished Creatures
  A hydra (D:11)
  Harold (D:10)
  A centaur warrior (D:9)
  4 two-headed ogres
  An orc knight (Bailey)
  An ugly thing (D:12)
  A cyclops (D:12)
  A gargoyle (D:10)
  2 kobold demonologists
  4 trolls
  A slime creature (D:13)
  3 wyverns
  32 yaks
  A wraith (D:9)
  Grum (D:8)
  2 basilisks
  An acid dragon (D:12)
  A water moccasin (D:11)
  An ice beast (D:8)
  10 orc warriors
  2 sky beasts
  3 black bears
  An ogre (D:5)
  3 wolves (D:8)
  5 kobold brigands
  A necrophage (D:5)
  4 scorpions
  12 wights
  4 howler monkeys
  5 hounds
  4 jellies
  7 orc priests
  2 gnoll boudas
  5 iguanas
  14 orc wizards
  Robin (D:4)
  12 gnolls
  4 adders
  A shadow imp (D:5)
  4 white imps
  2 ufetubi (D:6)
  2 worms
  A dart slug (D:1)
  65 orcs
  9 ball pythons
  7 bats
  8 endoplasms
  A giant cockroach (D:3)
  18 goblins
  9 hobgoblins
  16 kobolds
  A quokka (D:2)
  5 frilled lizards
  6 rats
314 creatures vanquished.

Vanquished Creatures (collateral kills)
  2 two-headed ogres
  A kobold demonologist (D:12)
  A wyvern (D:7)
  A wraith (D:10)
  3 yaks
  A basilisk (D:11)
  A steam dragon (D:10)
  A water moccasin (D:8)
  2 orc warriors (Bailey)
  A centaur (D:10)
  2 bullfrogs
  A wight (D:8)
  A howler monkey (D:10)
  A hound (D:5)
  5 orc wizards
  2 gnolls (D:8)
  15 orcs
  3 goblins (D:9)
  4 kobolds
48 creatures vanquished.

Vanquished Creatures (others)
  3 battlemagi
  4 fungi (D:11)
  12 plants (D:11)
19 creatures vanquished.

Grand Total: 381 creatures vanquished

Notes
Turn   | Place    | Note
-------+----------+-------------------------------------------
     0 | D:1      | nickcage the Minotaur Gladiator began the quest for the
                  | Orb.
     0 | D:1      | Reached XP level 1. HP: 18/18 MP: 0/0
    61 | D:1      | Reached XP level 2. HP: 15/25 MP: 1/1
   278 | D:1      | Reached skill level 5 in Maces & Flails
   417 | D:1      | Reached XP level 3. HP: 26/30 MP: 2/2
   463 | D:1      | Found a faded altar of an unknown god.
  1441 | D:2      | Reached XP level 4. HP: 33/37 MP: 3/3
  2549 | D:3      | Found a runed translucent door.
  2554 | D:3      | Noticed trckry's ghost (amateur GrGl)
  2880 | D:4      | Found a shimmering altar of Xom.
  2890 | D:4      | Found a staircase to the Ecumenical Temple.
  2891 | D:4      | Noticed a black bear
  2891 | D:4      | Noticed a scorpion
  2902 | D:4      | Killed a black bear
  2903 | D:4      | Reached XP level 5. HP: 42/42 MP: 4/4
  2929 | D:4      | Reached XP level 6. HP: 45/50 MP: 5/5
  3125 | Temple   | Entered the Ecumenical Temple
  3132 | Temple   | Became a worshipper of Hepliaklqana the Forgotten
  3151 | D:4      | Identified a scroll of acquirement
  3151 | D:4      | Acquired a +3 battleaxe of flaming
  3167 | D:4      | Found a hide-covered altar of Uskayaw.
  3167 | D:4      | Found a blossoming altar of Fedhas.
  3169 | D:4      | You fall into a shaft and drop 1 floor!
  3169 | D:5      | Entered Level 5 of the Dungeon
  3200 | D:5      | Reached skill level 1 in Axes
  3200 | D:5      | Reached skill level 1 in Shields
  3271 | D:4      | Noticed Robin
  3278 | D:4      | Killed Robin
  3298 | D:4      | Found a bloodstained altar of Trog.
  3722 | D:4      | Reached XP level 7. HP: 56/56 MP: 6/6
  3904 | D:5      | Reached * piety under Hepliaklqana
  4010 | D:5      | Found an ancient bone altar of Kikubaaqudgha.
  4019 | D:5      | Found the +7 Singing Sword {vorpal, sonic wave}
  4026 | D:5      | Reached skill level 5 in Axes
  4109 | D:5      | Reached skill level 1 in Long Blades
  4128 | D:5      | Reached skill level 2 in Long Blades
  4131 | D:5      | Reached skill level 3 in Long Blades
  4196 | D:5      | Reached skill level 4 in Long Blades
  4239 | D:5      | Reached skill level 5 in Long Blades
  4239 | D:5      | Reached XP level 8. HP: 42/55 MP: 7/7
  4578 | D:6      | Reached skill level 6 in Long Blades
  4629 | D:6      | Reached skill level 7 in Long Blades
  4644 | D:6      | Identified the +2 ring mail "Qupid" {rElec}
  4726 | D:6      | Found a glowing golden altar of the Shining One.
  4733 | D:6      | Reached skill level 8 in Long Blades
  4968 | D:6      | Found a sacrificial altar of Ru.
  5005 | D:6      | Reached ** piety under Hepliaklqana
  5006 | D:6      | Remembered your ancestor Cannon as a battlemage
  5238 | D:6      | Found a shimmering blue altar of Sif Muna.
  5242 | D:6      | Reached skill level 9 in Long Blades
  5315 | D:7      | Found a runed translucent door.
  5330 | D:7      | Reached XP level 9. HP: 61/61 MP: 8/8
  5331 | D:7      | Reached skill level 10 in Long Blades
  5337 | D:7      | Reached skill level 11 in Long Blades
  5649 | D:7      | Reached skill level 12 in Long Blades
  6025 | D:7      | Found a stormy altar of Qazlal.
  6246 | D:7      | Reached skill level 13 in Long Blades
  6249 | D:7      | Reached XP level 10. HP: 37/66 MP: 9/9
  6748 | D:8      | Reached skill level 14 in Long Blades
  6809 | D:8      | Noticed Grum
  6814 | D:8      | Killed Grum
  7266 | D:8      | Reached skill level 15 in Long Blades
  7279 | D:8      | Noticed a two-headed ogre
  7281 | D:8      | Killed a two-headed ogre
  7567 | D:8      | Reached *** piety under Hepliaklqana
  7819 | D:9      | Noticed a centaur warrior
  7825 | D:9      | Killed a centaur warrior
  7826 | D:9      | Reached skill level 16 in Long Blades
  7826 | D:9      | Reached skill level 5 in Shields
  7899 | D:9      | Found a flagged portal.
  7914 | Bailey   | Entered a bailey
  8284 | Bailey   | Identified the +9 triple sword "Lafoma" {spect, *Slow
                  | Str+5}
  8286 | Bailey   | Noticed an orc knight
  8296 | Bailey   | Killed an orc knight
  8297 | Bailey   | Reached XP level 11. HP: 40/72 MP: 10/10
  8304 | Bailey   | Reached skill level 5 in Fighting
  8304 | Bailey   | Reached skill level 18 in Long Blades
  8304 | Bailey   | Reached skill level 5 in Armour
  8304 | Bailey   | Reached XP level 12. HP: 49/85 MP: 11/11
  9085 | D:9      | Reached **** piety under Hepliaklqana
  9224 | D:10     | Entered Level 10 of the Dungeon
  9296 | D:10     | Noticed Harold
  9320 | D:10     | Killed Harold
  9340 | D:10     | Noticed a two-headed ogre
  9346 | D:10     | Reached skill level 19 in Long Blades
  9349 | D:10     | Killed a two-headed ogre
  9628 | D:10     | Noticed a two-headed ogre
  9634 | D:10     | Killed a two-headed ogre
  9681 | D:10     | Found a staircase to the Orcish Mines.
 10121 | D:10     | Found a burning altar of Makhleb.
 10668 | D:11     | Found a staircase to the Lair.
 10877 | D:11     | Noticed a five-headed hydra
 10891 | D:11     | Killed a four-headed hydra
 11238 | D:11     | Noticed a two-headed ogre
 11242 | D:11     | Killed a two-headed ogre
 11274 | D:11     | Identified the +1 pair of boots of the Trombone {Str+4}
 11684 | D:12     | Noticed a two-headed ogre
 11685 | D:12     | Noticed a two-headed ogre
 11696 | D:12     | Killed a two-headed ogre
 11697 | D:12     | Reached skill level 20 in Long Blades
 11697 | D:12     | Killed a two-headed ogre
 12134 | D:12     | Reached XP level 13. HP: 97/97 MP: 12/12
 12736 | D:12     | Reached ***** piety under Hepliaklqana
 13141 | D:13     | Annihilated by a very large slime creature

Illustrated notes

Levels and vault maps discovered:
D:1:      matt_arrival_diagonals, layout_rooms, serial_rivers,
          chequers_serial_rivers_room_a, chequers_serial_rivers_small_b,
          chequers_serial_rivers_micro_a, chequers_serial_rivers_micro_c,
          chequers_serial_rivers_room_b, chequers_serial_rivers_small_b,
          nicolae_ecumenical_snake_handling
D:2:      cheibrodos_greedy_goblins, layout_loops_ring
D:3:      layout_basic, ebering_ghost_reflecting_pool
D:4:      layout_loops_ring, mainiacjoe_overflow_24_doors,
          mainiacjoe_overflow_tiny_flanked, jmf_multi_god_temple,
          minmay_temple_entry_stoned_glass, uniq_robin
D:5:      nicolae_BIG_FREAKIN_CUBE, layout_rooms,
          nicolae_kikubaaqudgha_miasma_corner, st_stairs_11
D:6:      layout_cave_pools, mainiacjoe_overflow_surrounded_room,
          old_standard_altar, kennysheep_orc_sif_temple
D:7:      layout_basic, nicolae_qazlal_eye_of_the_storm, lightli_church_of_beogh
D:8:      layout_loops_corners, kennysheep_potato, uniq_grum
D:9:      layout_basic, enter_bailey_5, item_on_display_a
D:10:     layout_loops_ring, mainiacjoe_overflow_concentric_impassable,
          hiddenorc2_lemuel, uniq_harold
D:11:     layout_loops_ring, minmay_lair_entry_grove
D:12:     layout_layer_cave
D:13:     layout_roguey, serial_shops, nicolae_stop_n_shop_2
Temple:   nicolae_temple_no_exploring_needed

Skill      XL: |  1  2  3  4  5  6  7  8  9 10 11 12 |
---------------+-------------------------------------+-----
Maces & Flails | 4 5 6 7 8 |  8.5
Axes           | 3 5 |  5.0
Shields        | 1 2 3 4 5 |  5.4
Long Blades    | 5 9 13 16 18 20 | 20.3
Fighting       | 5 8 |  8.7
Armour         | 5 8 |  8.2
Throwing       | |  2.0
Dodging        | |  3.2

Action                   |  1- 3 |  4- 6 |  7- 9 | 10-12 | 13-15 || total
-------------------------+-------+-------+-------+-------+-------++-------
Melee: Flail             |    86 |    58 |       |       |       ||   144
       Headbutt          |     8 |    15 |    15 |    36 |     6 ||    80
       Battleaxe         |       |    32 |    15 |     1 |       ||    48
       Double sword      |       |       |   103 |   192 |       ||   295
       Triple sword      |       |       |       |    20 |    20 ||    40
Throw: Javelin           |     1 |       |       |       |       ||     1
       Boomerang         |     1 |     5 |       |     7 |       ||    13
Invok: Ancestor Life: Ba |       |       |     1 |       |       ||     1
       Ancestor Identity |       |       |     1 |       |       ||     1
  Use: Scroll            |     3 |     5 |     5 |     4 |       ||    17
       Potion            |       |       |       |     2 |       ||     2
 Stab: Distracted        |       |       |     1 |     1 |       ||     2
Armor: Leather armour    |    12 |       |       |       |       ||    12
       Ring mail         |    14 |       |       |       |       ||    14
       Plate armour      |     5 |    33 |    37 |    79 |     5 ||   159
Dodge: Dodged            |    52 |    30 |    36 |    81 |     6 ||   205
Block: Buckler           |       |    18 |    43 |    92 |       ||   153
       Other             |       |     9 |     3 |     7 |     1 ||    20
       Reflection        |       |       |     1 |     9 |       ||    10
